 Dungeon Crawl Stone Soup version 0.30.0-15-g856e2d3f33 (webtiles) character file.

Game seed: 17963551744349695275

228809 freelancePsychic the Petrodigitator (level 19, -6/102 (129) HPs)
             Began as a Gargoyle Earth Elementalist on May 19, 2023.
             Was the Champion of Vehumet.
             Splashed by a caustic shrike's acid (8 damage)
             ... in the Vestibule of Hell.
             The game lasted 00:50:31 (39643 turns).

freelancePsychic the Petrodigitator (GrEE)         Turns: 39643, Time: 00:50:31

HP:   -6/102 (129)  AC: 19    Str: 10 (14) XL:     19   Next: 82%
MP:   23/46         EV: 13    Int: 26      God:    Vehumet [******]
Gold: 1492          SH:  8    Dex:  8 (10) Spells: 17/46 levels left

rFire   + . .        a - staff of earth
rCold   . . .        b - +3 buckler {AC+3}
rNeg    + . .        z - +0 troll leather armour
rPois   ∞            o - +0 helmet
rElec   +            w - +2 cloak
rCorr   .            Y - +2 pair of gloves
SInv    .            W - +2 pair of boots
Will    +....        I - amulet of regeneration
Stlth   +++          N - ring "Jaapo" {rF+ Int+4}
HPRegen 1.97/turn    y - ring of magical power
MPRegen 0.30/turn

%: no passive effects
@: corroded, flying, heavily drained
A: sickness immunity, AC +14, big wings, negative energy resistance 1,
electricity resistance, torment resistance 1, petrification resistance
a: Renounce Religion


You were in the Vestibule of Hell.
You worshipped Vehumet.
Vehumet was exalted by your worship.
You visited 7 branches of the dungeon, and saw 32 of its levels.
You also visited: Bailey.

You collected 2939 gold pieces.
You spent 1447 gold pieces at shops.

Inventory:

Armour
 b - a +3 buckler of protection (worn)
 o - a +0 helmet (worn)
 w - a +2 cloak (worn)
 z - a +0 troll leather armour (worn)
 W - a +2 pair of boots (worn)
 Y - a +2 pair of gloves (worn)
Magical Staves
 a - a staff of earth (weapon)
Jewellery
 k - a +6 ring of dexterity
 y - a ring of magical power (right hand)
 B - a ring of wizardry
 F - a ring of fire
 I - an amulet of regeneration (around neck)
 N - the ring "Jaapo" (left hand) {rF+ Int+4}
   (You acquired it on level 4 of the Lair of Beasts)

   [ring of protection from fire]

   Int:       It affects your intelligence (+4).
   rF:        It protects you from fire.
 U - a +6 ring of dexterity
 Z - an amulet of magic regeneration
Wands
 i - a wand of flame (42)
 q - a wand of roots (55)
 t - a wand of charming (37)
 E - a wand of mindburst (22)
 T - a wand of digging (8)
 V - a wand of acid (17)
 X - a wand of polymorph (6)
Scrolls
 c - 6 scrolls of enchant weapon
 d - 5 scrolls of vulnerability
 j - 5 scrolls of amnesia
 m - 2 scrolls of fear
 p - 2 scrolls of teleportation {@r4}
 r - 4 scrolls of noise
 v - 2 scrolls of brand weapon
 x - a scroll of enchant armour
 D - a scroll of silence
 G - 3 scrolls of fog
 L - 3 scrolls of magic mapping
 M - 3 scrolls of immolation
 Q - 5 scrolls of identify {@r1}
 R - a scroll of blinking
Potions
 e - 7 potions of lignification
 f - 5 potions of mutation
 g - 8 potions of might
 h - 3 potions of resistance
 n - 3 potions of magic
 s - 9 potions of heal wounds {@q2}
 u - 5 potions of haste {@q3}
 A - 3 potions of invisibility
 C - 2 potions of attraction
 H - 2 potions of berserk rage
 J - a potion of cancellation
 K - 3 potions of flight
 O - 10 potions of curing {@q1}
 P - 4 potions of brilliance
 S - 2 potions of ambrosia


   Skills:
 + Level 17.6 Fighting
 + Level 9.7 Dodging
 - Level 6.0 Stealth
 - Level 7.0 Shields
 * Level 14.4 Spellcasting
 - Level 5.6 Conjurations
 - Level 0.7 Transmutations
 O Level 27 Earth Magic
 - Level 4.0 Poison Magic


You had 17 spell levels left.
You knew the following spells:

 Your Spells              Type           Power      Damage    Failure   Level
a - Lee's Rapid Deconstr  Erth           63%        3d29*     0%          5
b - Stone Arrow           Conj/Erth      100%       3d13      0%          3
c - Iron Shot             Conj/Erth      50%        9d10      1%          6
d - Olgreb's Toxic Radia  Pois           39%        N/A       3%          4
e - Shatter               Erth           63%        3d47*     2%          9
f - Sandblast             Erth           100%       2d20      0%          1
g - Apportation           Tloc           36%        N/A       5%          1

Your spell library contained the following spells:

 Spells                   Type           Power      Damage    Failure   Level
 Eringya's Noxious Bog    Tmut/Pois      15%        N/A       58%         6
 Kiss of Death            Conj/Necr      100%       2d13      1%          1
 Passwall                 Tmut/Erth      78%        N/A       1%          2
 Static Discharge         Conj/Air       66%        2-5/arc   1%          2
 Dazzling Flash           Conj/Hex       66%        N/A       1%          3
 Mephitic Cloud           Conj/Pois/Air  35%        N/A       1%          3
 Animate Armour           Summ/Erth      100%       N/A       1%          4
 Leda's Liquefaction      Hex/Erth       46%        N/A       1%          4
 Petrify                  Tmut/Erth      94%        N/A       1%          4
 Scorch                   Fire           36%        2d7       2%          2
 Ignite Poison            Fire/Tmut/Pois 26%        N/A       2%          3
 Volatile Blastmotes      Fire/Tloc      36%        2d13      4%          3
 Flame Wave               Conj/Fire      33%        2d10      4%          4
 Iskenderun's Mystic Bla  Conj/Tloc      33%        2d8       4%          4
 Sticky Flame             Conj/Fire      33%        2d5       4%          4
 Necrotise                Necr           72%        1d7       5%          1
 Slow                     Hex            72%        N/A       5%          1
 Summon Small Mammal      Summ           72%        N/A       5%          1
 Spider Form              Tmut/Pois      31%        N/A       6%          3
 Ensorcelled Hibernation  Hex/Ice        36%        N/A       9%          2
 Lehudib's Crystal Spear  Conj/Erth      50%        10d12     12%         8
 Airstrike                Air            9%         2d(2-18)  14%         4
 Call Canine Familiar     Summ           18%        N/A       16%         3
 Confusing Touch          Hex            18%        N/A       16%         3
 Portal Projectile        Hex/Tloc       36%        N/A       16%         3
 Anguish                  Hex/Necr       9%         N/A       47%         4
 Dispel Undead            Necr           18%        3d11      47%         4
 Summon Lightning Spire   Summ/Air       18%        N/A       47%         4
 Alistair's Intoxication  Tmut/Pois      20%        N/A       50%         5
 Starburst                Conj/Fire      16%        6d6       52%         6
 Metabolic Englaciation   Hex/Ice        9%         N/A       83%         5
 Silence                  Hex/Air        9%         N/A       83%         5
 Death Channel            Necr           9%         N/A       100%        6
 Summon Cactus Giant      Summ           9%         N/A       100%        6
 Malign Gateway           Summ/Tloc      9%         N/A       100%        7
 Monstrous Menagerie      Summ           9%         N/A       100%        7
 Borgnjor's Revivificati  Necr           9%         N/A       100%        8
 Ignition                 Fire           9%         3d5       100%        8
 Necromutation            Tmut/Necr      10%        N/A       100%        8
 Chain Lightning          Conj/Air       16%        3d22      100%        9
 Death's Door             Necr           9%         N/A       100%        9
 Fire Storm               Conj/Fire      16%        8d4       100%        9
 Cigotuvi's Dreadful Rot  Necr/Pois/Air  Unusable   N/A       N/A         2

Dungeon Overview and Level Annotations

Branches:
Dungeon (15/15)            Temple (1/1) D:6            Lair (5/5) D:9
 Shoals (0/4) Lair:3        Snake (0/4) Lair:3        Slime (0/5) Lair:4
    Orc (2/2) D:9             Elf (0/3) Orc:2        Vaults (0/5) D:13
 Depths (4/4) D:15           Hell (1/1)                 Dis (4/7) Hell
    Geh (0/7) Hell            Coc (0/7) Hell            Tar (0/7) Hell
    Zot (0/5) Depths:4     Bailey (visited)

Altars:
Ashenzari
Cheibriados
Dithmenos
Elyvilon
Fedhas
Gozag
Hepliaklqana
Kikubaaqudgha
Makhleb
Nemelex Xobeh
Okawaru
Qazlal
Ru
Sif Muna
Trog
Uskayaw
Vehumet
Wu Jian
Xom
Yredelemnul
Zin
The Shining One
Jiyva

Shops:
D:10 :   D:13 !*[   Orc:2 !(=(   Depths:1 !*   Depths:2 ?   Depths:3 (*

Portals:
Hell: Depths:1 Depths:2 Depths:3 Depths:4
Abyss: Depths:3
Pandemonium: Depths:1 Depths:2
Ziggurat: Depths:3
Trove: D:13 (give 11 potions of heal wounds)

Annotations:
D:8 3 runed translucent doors, exclusion: meliai, Linnx's ghost, novice MiFi
D:9 4 runed translucent doors
D:13 2 transporters, SecretSquirrel's ghost, journeyman DEHu


Innate Abilities, Weirdness & Mutations

You are immune to sickness and miasma.
Your stone body is resilient. (AC +14)
You are immune to poison.
Your large and strong wings let you fly.
You resist negative energy. (rN+)
You are resistant to electric shocks. (rElec)
You are resistant to unholy torment.
You are immune to petrification.


Message History

You fly up through the gate.
Welcome back to the Vestibule of Hell!
There is a gateway to the Iron City of Dis here.
You are too injured to fight recklessly!
You are too injured to fight recklessly!
You are too injured to fight recklessly!
Aiming: Iron Shot (mildly dangerous; 1% risk of failure)
Press: ? - help, Q - select action, (/) - cycle Shift-Dir - straight line, f - caustic shrike
Aim: a caustic shrike (55% to hit)
You feel a surge of power!
The iron shot hits the caustic shrike!!!
The caustic shrike is heavily wounded.
The caustic shrike claws you!! The acid corrodes you!
You are splashed with acid!
The caustic shrike claws you but does no damage.
Aiming: Iron Shot (mildly dangerous; 1% risk of failure)
Press: ? - help, Q - select action, (/) - cycle Shift-Dir - straight line, f/p - caustic shrike
Aim: a caustic shrike (heavily wounded, 55% to hit)
You feel a surge of power!
The iron shot hits the caustic shrike!!!
The caustic shrike is almost dead.
The caustic shrike claws you but does no damage.
You block the caustic shrike's attack.
Aiming: Iron Shot (mildly dangerous; 1% risk of failure)
Press: ? - help, Q - select action, (/) - cycle Shift-Dir - straight line, f/p - caustic shrike
Aim: a caustic shrike (almost dead, 55% to hit)
You feel a surge of power!
The iron shot misses the caustic shrike.
The caustic shrike misses you. The caustic shrike claws you!!
* * * LOW HITPOINT WARNING * * *
The acid corrodes you!
You are splashed with acid!
* * * LOW HITPOINT WARNING * * *
Aiming: Iron Shot (mildly dangerous; 1% risk of failure)
Press: ? - help, Q - select action, (/) - cycle Shift-Dir - straight line, f/p - caustic shrike
Aim: a caustic shrike (almost dead, 55% to hit)
You feel a surge of power!
The iron shot misses the caustic shrike.
The caustic shrike claws you.
* * * LOW HITPOINT WARNING * * *
You are splashed with acid!
You die...

## .# ####.########
####..#.....#..###
###.....#.....#....####
###.......#.............###
#.........#..@..#.........#
##........#...b..........##
##.......#.....#.......##
##......###.###......##
##.................##
##...............##
##.............##
##...........##
##.........##


You could see a caustic shrike.

Vanquished Creatures
  Geryon (Hell)
  A golden dragon (Depths:3)
  9 caustic shrikes
  5 doom hounds (Hell)
  2 Hell Sentinels (Dis:3)
  3 tentacled monstrosities
  Jorgrun (Orc:2)
  A lich (Depths:2)
  A quicksilver dragon (Depths:1)
  2 sphinxes
  4 ancient champions
  A walking frostbound tome (Depths:2)
  2 shadow dragons
  2 tengu reavers
  3 storm dragons
  A draconian monk (Depths:4)
  5 fire giants
  Donald (Orc:2)
  5 frost giants
  2 iron dragons (Dis:2)
  A draconian scorcher (Depths:4)
  A quicksilver elemental (Dis:2)
  11 very ugly things
  2 spriggan defenders
  3 reapers (Hell)
  8 stone giants
  3 war gargoyles
  2 vampire knights
  Nessos (Lair:4)
  A red draconian (Depths:4)
  A lorocyproca (Hell)
  A dire elephant (Lair:5)
  4 spark wasps
  2 purple draconians (Depths:4)
  2 iron golems
  9 ettins
  2 blizzard demons (Hell)
  11 fire dragons
  A merfolk impaler (Depths:4)
  9 ice dragons
  A yaktaur captain (Depths:4)
  4 spriggan air magi
  3 rakshasas
  Erolcha (Orc:2)
  4 vault guards (D:13)
  9 hydras
  A jorogumo (shapeshifter) (Depths:4)
  3 ogre magi
  2 hell beasts
  A catoblepas (Lair:5)
  3 centaur warriors
  6 two-headed ogres
  5 boulder beetles
  9 tengu warriors
  3 deep troll shamans
  3 hell hogs (Hell)
  12 death yaks
  3 deep troll earth magi
  An orc high priest (Orc:2)
  A vampire mage (Depths:1)
  10 hell knights
  Sonja (Lair:1)
  A sun demon (Hell)
  3 skysharks
  Amaemon (Lair:1)
  Nergalle (Orc:2)
  3 spriggan berserkers
  2 soul eaters
  2 crystal echidnas
  3 iron trolls
  5 skeletal warriors (D:13)
  A flayed ghost (Depths:1)
  9 deep trolls
  A glowing orange brain (Depths:3)
  A wizard (D:13)
  A spriggan simulacrum (Hell)
  2 phantasmal warriors (Depths:4)
  An anaconda skeleton (Hell)
  An orc knight (D:13)
  A shadow dragon skeleton (Depths:1)
  7 necromancers
  8 orc sorcerers
  2 deep elf pyromancers
  5 cyclopes
  11 ugly things
  A manticore (D:12)
  4 rust devils
  7 black mambas
  A black mamba (shapeshifter) (Depths:2)
  3 merfolk sirens (Lair:3)
  19 elephants
  A smoke demon (Depths:2)
  Joseph (Lair:1)
  3 hellions
  A titan simulacrum (Hell)
  3 orange demons
  A torpor snail (Lair:4)
  10 cane toads
  2 gargoyles (D:12)
  Maggie (D:9)
  Psyche (D:9)
  A yaktaur (shapeshifter) (D:13)
  An unseen horror (D:11)
  14 komodo dragons
  A kobold demonologist (D:12)
  4 rime drakes
  3 efreet
  A red devil (Hell)
  2 ice devils (Hell)
  6 tengu conjurers
  A merfolk (Lair:3)
  2 hellwings (Depths:2)
  4 polar bears
  4 tormentors
  A golden dragon simulacrum (Depths:1)
  3 trolls
  A polar bear (shapeshifter) (D:15)
  A tarantella (shapeshifter) (D:14)
  5 hornets
  19 blink frogs
  2 spriggan skeletons
  A vampire (D:10)
  5 wraiths
  A shadow (D:13)
  13 slime creatures
  4 spriggans (Depths:2)
  9 water elementals
  3 wyverns
  57 yaks
  A fire elemental (D:13)
  A human (D:13)
  2 neqoxecs (Depths:2)
  8 vampire mosquitoes
  A basilisk (D:15)
  2 steam dragons
  A harpy simulacrum (Hell)
  A chaos spawn (Depths:1)
  Menkaure (D:7)
  A warg (Orc:2)
  2 nagas (Lair:3)
  15 water moccasins
  A floating eye (Depths:2)
  8 hell hounds (Hell)
  4 acid dragons
  19 orc warriors
  A hornet zombie (D:5)
  13 ogres
  3 black bears
  15 centaurs
  An ettin simulacrum (Hell)
  9 wolves
  2 phantoms
  2 kobold brigands
  3 gnoll sergeants
  16 bullfrogs
  2 scorpions
  2 water moccasin zombies (D:5)
  19 wights
  9 killer bees
  5 howler monkeys
  3 electric eels (D:9)
  A centaur zombie (D:5)
  3 jellies
  A human zombie (D:5)
  2 hounds (D:5)
  Crazy Yiuf (D:2)
  18 orc priests
  A gnoll bouda (D:6)
  3 iguanas
  33 orc wizards
  A sleepcap (D:6)
  2 hell rats (Lair:1)
  2 hound zombies (D:5)
  2 mummies (D:5)
  25 gnolls
  4 adders
  8 river rats (Lair:1)
  2 white imps
  2 worms
  2 dart slugs (D:3)
  95 orcs
  11 endoplasms
  4 giant cockroaches
  10 goblins
  5 hobgoblins
  29 kobolds
  5 quokkas
  10 ball pythons
  5 bats
  2 frilled lizards (D:2)
  5 rats
  2 fire vortices (Hell)
982 creatures vanquished.

Vanquished Creatures (others)
  A goblin (D:8)
1 creature vanquished.

Grand Total: 983 creatures vanquished

Notes
Turn   | Place    | Note
-------+----------+-------------------------------------------
     0 | D:1      | freelancePsychic the Gargoyle Earth Elementalist began the
                  | quest for the Orb.
     0 | D:1      | Reached XP level 1. HP: 10/10 MP: 3/3
   239 | D:1      | Reached XP level 2. HP: 16/16 MP: 3/5
   352 | D:1      | Reached skill level 1 in Conjurations
   370 | D:1      | Reached skill level 1 in Fighting
   431 | D:1      | Reached skill level 4 in Earth Magic
   734 | D:1      | Reached XP level 3. HP: 20/20 MP: 3/6
  1091 | D:2      | Found a faded altar of an unknown god.
  1167 | D:2      | Learned a level 3 spell: Stone Arrow
  1271 | D:2      | Found a runed translucent door.
  1272 | D:2      | Noticed Crazy Yiuf
  1351 | D:2      | Identified the +8 spear of Fury {vamp, Str+6 SInv}
  2029 | D:3      | Reached XP level 4. HP: 26/26 MP: 5/7
  2171 | D:3      | Identified the +5 trident of Lyttiuh {heavy, rC++ rN+ Int-4
                  | Stlth+}
  2505 | D:4      | Noticed a phantom
  2513 | D:4      | Killed a phantom
  2514 | D:4      | Reached skill level 5 in Earth Magic
  2514 | D:4      | Reached XP level 5. HP: 32/32 MP: 1/8
  3023 | D:5      | Entered Level 5 of the Dungeon
  3076 | D:5      | Reached XP level 6. HP: 37/37 MP: 6/9
  3161 | D:2      | Killed Crazy Yiuf
  3352 | D:5      | Found a snail-covered altar of Cheibriados.
  3551 | D:5      | Reached XP level 7. HP: 26/43 MP: 4/10
  3635 | D:5      | Reached skill level 6 in Earth Magic
  3666 | D:5      | Found an ancient bone altar of Kikubaaqudgha.
  3989 | D:5      | Reached XP level 8. HP: 48/48 MP: 4/11
  4251 | D:5      | Reached skill level 5 in Conjurations
  4324 | D:5      | Reached skill level 5 in Fighting
  4557 | D:5      | Reached skill level 5 in Stealth
  4667 | D:5      | Reached skill level 7 in Earth Magic
  4996 | D:6      | Found a staircase to the Ecumenical Temple.
  5027 | D:6      | Found a stormy altar of Qazlal.
  5059 | Temple   | Entered the Ecumenical Temple
  5157 | Temple   | Became a worshipper of Vehumet
  5397 | D:6      | Noticed an air elemental
  5488 | D:6      | Noticed a water elemental
  5657 | D:7      | Reached XP level 9. HP: 55/55 MP: 3/13
  5680 | D:7      | Reached skill level 8 in Earth Magic
  5888 | D:7      | Noticed Menkaure
  5893 | D:7      | Killed Menkaure
  6080 | D:7      | Reached * piety under Vehumet
  6080 | D:7      | Offered knowledge of Magic Dart by Vehumet.
  6470 | D:7      | Found a shadowy altar of Dithmenos.
  6619 | D:8      | Found a burning altar of Makhleb.
  6639 | D:8      | Noticed a meliai
  6765 | D:8      | Found a runed translucent gate.
  6765 | D:8      | Found a runed translucent gate.
  6765 | D:8      | Found a runed translucent gate.
  6769 | D:8      | Noticed Linnx's ghost (novice MiFi)
  6772 | D:8      | Found a viscous altar of Jiyva.
  6875 | D:8      | Found a flagged portal.
  6900 | D:8      | Reached skill level 9 in Earth Magic
  6988 | Bailey   | Entered a bailey
  7462 | Bailey   | Offered knowledge of Poisonous Vapours by Vehumet.
  7469 | Bailey   | Reached ** piety under Vehumet
  7907 | D:8      | Reached skill level 5 in Spellcasting
  7910 | D:8      | Reached skill level 10 in Fighting
  7910 | D:8      | Reached skill level 11 in Earth Magic
  7910 | D:8      | Reached XP level 10. HP: 40/68 MP: 5/21
  8461 | D:8      | Reached XP level 11. HP: 73/73 MP: 22/22
  8695 | D:8      | Offered knowledge of Frozen Ramparts by Vehumet.
  9041 | D:8      | Reached skill level 12 in Earth Magic
  9242 | D:9      | Found a runed translucent door.
  9249 | D:9      | Found a runed translucent door.
  9255 | D:9      | Noticed Psyche
  9260 | D:9      | Killed Psyche
  9288 | D:9      | Found a runed translucent door.
  9299 | D:9      | Found a staircase to the Lair.
  9303 | D:9      | Found a runed translucent door.
  9303 | D:9      | Noticed Maggie
  9309 | D:9      | Killed Maggie
  9648 | D:9      | Reached *** piety under Vehumet
  9965 | D:9      | Offered knowledge of Olgreb's Toxic Radiance by Vehumet.
 10432 | D:9      | Found a staircase to the Orcish Mines.
 10446 | D:9      | Learned a level 4 spell: Olgreb's Toxic Radiance
 10766 | D:10     | Entered Level 10 of the Dungeon
 10800 | D:10     | Reached skill level 1 in Poison Magic
 11043 | D:10     | Found a bloodstained altar of Trog.
 11049 | D:10     | Got the Almanac of Aerial Fascination
 11264 | D:10     | Reached **** piety under Vehumet
 11282 | D:10     | Found Hiykuo's Book Shop.
 11606 | D:11     | Noticed a two-headed ogre
 11612 | D:11     | Reached skill level 13 in Earth Magic
 11617 | D:11     | Killed a two-headed ogre
 11754 | D:11     | Noticed a cyclops
 11759 | D:11     | Killed a cyclops
 11973 | D:11     | Offered knowledge of Freezing Cloud by Vehumet.
 12023 | D:11     | Reached XP level 12. HP: 80/80 MP: 20/24
 13762 | D:12     | Noticed a boulder beetle
 13780 | D:12     | Killed a boulder beetle
 13781 | D:12     | Reached skill level 14 in Earth Magic
 13901 | Lair:1   | Entered Level 1 of the Lair of Beasts
 13908 | Lair:1   | Reached ***** piety under Vehumet
 13908 | Lair:1   | Offered knowledge of Conjure Ball Lightning by Vehumet.
 13910 | Lair:1   | Reached skill level 5 in Dodging
 14054 | Lair:1   | Noticed a six-headed hydra
 14061 | Lair:1   | Killed a six-headed hydra
 14278 | Lair:1   | Noticed Sonja
 14283 | Lair:1   | Killed Sonja
 14547 | Lair:1   | Noticed Joseph
 14560 | Lair:1   | Reached skill level 15 in Earth Magic
 14567 | Lair:1   | Reached XP level 13. HP: 41/88 MP: 13/25
 14568 | Lair:1   | Killed Joseph
 14690 | Lair:1   | Noticed Amaemon
 14716 | Lair:1   | Killed Amaemon
 14805 | Lair:1   | Learned a level 9 spell: Shatter
 15301 | Lair:2   | Reached skill level 16 in Earth Magic
 15792 | Lair:2   | Identified a scroll of acquirement
 15793 | Lair:2   | Acquired a staff of earth
 16258 | Lair:2   | Reached skill level 17 in Earth Magic
 16772 | Lair:3   | Identified the +2 mace of Utesijor {freeze, Str+4 Int+4
                  | Dex+2}
 17204 | Lair:3   | Found a staircase to the Snake Pit.
 17394 | Lair:3   | Offered knowledge of Spellforged Servitor by Vehumet.
 17593 | Lair:3   | Reached skill level 18 in Earth Magic
 17715 | Lair:3   | Found a staircase to the Shoals.
 17838 | Lair:3   | Gained mutation: Your large and strong wings let you fly.
                  | [Gargoyle growth]
 17838 | Lair:3   | Reached XP level 14. HP: 62/94 MP: 13/26
 17997 | Lair:3   | Reached skill level 19 in Earth Magic
 18662 | Lair:4   | Found a staircase to the Slime Pits.
 18873 | Lair:4   | Noticed Nessos
 18881 | Lair:4   | Killed Nessos
 19174 | Lair:4   | Identified the +1 spear of Evyp Owi {flame, rElec}
 19302 | Lair:3   | Reached skill level 20 in Earth Magic
 19465 | Lair:4   | Acquired the ring "Jaapo" {rF+ Int+4}
 20029 | Lair:5   | Entered Level 5 of the Lair of Beasts
 20523 | Lair:5   | Reached skill level 21 in Earth Magic
 20683 | Lair:5   | Offered knowledge of Iron Shot by Vehumet.
 20691 | Lair:5   | Learned a level 6 spell: Iron Shot
 20965 | Lair:5   | Noticed a dire elephant
 21032 | Lair:5   | Killed a dire elephant
 21166 | Lair:5   | Identified the +7 shortbow "Xoho" {freeze, rC+ Str+4}
 21169 | Lair:5   | Identified the +1 quarterstaff of Sunlight {venom, *Corrode
                  | rElec Str+3 Stlth+}
 21541 | Lair:5   | Reached skill level 22 in Earth Magic
 21789 | Lair:4   | Reached XP level 15. HP: 99/99 MP: 15/27
 22690 | Orc:1    | Entered Level 1 of the Orcish Mines
 23193 | Orc:2    | Entered Level 2 of the Orcish Mines
 23206 | Orc:2    | Noticed Donald
 23209 | Orc:2    | Killed Donald
 23236 | Orc:2    | Noticed Jorgrun
 23238 | Orc:2    | Found Aner Meupel's Antique Weapon Shoppe.
 23241 | Orc:2    | Killed Jorgrun
 23242 | Orc:2    | Reached skill level 23 in Earth Magic
 23432 | Orc:2    | Found Jumagg's Jewellery Shoppe.
 23453 | Orc:2    | Noticed Erolcha
 23454 | Orc:2    | Killed Erolcha
 23454 | Orc:2    | Killed Nergalle
 23456 | Orc:2    | Found an ancient bone altar of Kikubaaqudgha.
 23677 | Orc:2    | Found a staircase to the Elven Halls.
 23971 | Orc:2    | Found Naggist's Distillery.
 23987 | Orc:2    | Found Teutsirrun's Antique Weapon Emporium.
 24080 | Orc:2    | Bought a potion of curing for 36 gold pieces
 24080 | Orc:2    | Bought a potion of curing for 36 gold pieces
 24080 | Orc:2    | Bought 2 potions of heal wounds for 120 gold pieces
 24099 | Orc:2    | Found a radiant altar of Vehumet.
 25213 | D:13     | Reached skill level 24 in Earth Magic
 25295 | D:13     | Offered knowledge of Lee's Rapid Deconstruction by Vehumet.
 25302 | D:13     | Learned a level 5 spell: Lee's Rapid Deconstruction
 25731 | D:13     | Found Qujaaw's Distillery.
 25739 | D:13     | Bought a potion of ambrosia for 120 gold pieces
 25739 | D:13     | Bought a potion of curing for 45 gold pieces
 25739 | D:13     | Bought a potion of curing for 45 gold pieces
 25739 | D:13     | Bought a potion of curing for 45 gold pieces
 25739 | D:13     | Bought a potion of curing for 45 gold pieces
 25743 | D:13     | Found Hewuiby's Assorted Antiques.
 25774 | D:13     | Found Huliga's Armour Shop.
 26169 | D:13     | Found a transporter.
 26174 | D:13     | Found a transporter.
 26174 | D:13     | Noticed SecretSquirrel's ghost (journeyman DEHu)
 26300 | D:13     | Found a gate to the Vaults.
 26396 | D:13     | Found a portal to a secret trove of treasure.
 26414 | D:14     | Reached skill level 25 in Earth Magic
 26556 | D:14     | Reached XP level 16. HP: 87/104 MP: 10/28
 27407 | D:15     | Entered Level 15 of the Dungeon
 27506 | D:15     | Found a glowing golden altar of the Shining One.
 27512 | D:15     | Reached skill level 26 in Earth Magic
 28116 | D:15     | Found a staircase to the Depths.
 28970 | Depths:1 | Entered Level 1 of the Depths
 29000 | Depths:1 | Noticed a quicksilver dragon
 29588 | Depths:1 | Killed a quicksilver dragon
 29597 | Depths:1 | Offered knowledge of Iskenderun's Battlesphere by Vehumet.
 29598 | Depths:1 | Reached skill level 1 in Shields
 30033 | Depths:1 | Found a one-way gate leading to the halls of Pandemonium.
 30175 | Depths:1 | Found Maopiul's Distillery.
 30245 | Depths:1 | Bought a potion of might for 72 gold pieces
 30245 | Depths:1 | Bought a potion of brilliance for 72 gold pieces
 30245 | Depths:1 | Bought a potion of brilliance for 72 gold pieces
 30245 | Depths:1 | Bought a potion of brilliance for 72 gold pieces
 30245 | Depths:1 | Found Suhar's Assorted Antiques.
 30287 | Depths:1 | Bought a smoking lead ring for 225 gold pieces
 30287 | Depths:1 | Identified the ring "Uzuwuqa" {rN+ Dex+2} (You bought it in
                  | a shop on level 1 of the Depths)
 30288 | Depths:1 | Bought a scroll of enchant armour for 337 gold pieces
 30292 | Depths:1 | Found a broken altar of Ashenzari.
 30497 | Depths:1 | Found a gateway to Hell.
 30508 | Depths:1 | Noticed a sphinx
 30515 | Depths:1 | Killed a sphinx
 30768 | Depths:2 | Found Iprouply's Magic Scroll Shoppe.
 30773 | Depths:2 | Bought a scroll of blinking for 105 gold pieces
 30821 | Depths:2 | Noticed a walking frostbound tome
 30961 | Depths:2 | Reached XP level 17. HP: 59/111 MP: 22/29
 30965 | Depths:1 | Reached skill level 27 in Earth Magic
 31080 | Depths:2 | Killed a walking frostbound tome
 31337 | Depths:2 | Reached skill level 5 in Shields
 31338 | Depths:2 | Noticed a caustic shrike
 31485 | Depths:2 | Noticed a caustic shrike
 31485 | Depths:2 | Noticed a caustic shrike
 31485 | Depths:2 | Noticed a caustic shrike
 31486 | Depths:2 | Noticed a lich
 31539 | Depths:1 | Found Maopiul's Distillery.
 31544 | Depths:1 | Found Suhar's Assorted Antiques.
 31571 | Depths:1 | Killed a caustic shrike
 31844 | Depths:1 | Killed a caustic shrike
 32065 | Depths:1 | Found a broken altar of Ashenzari.
 32386 | Depths:2 | Killed a caustic shrike
 32387 | Depths:2 | Reached skill level 15 in Fighting
 32389 | Depths:2 | Killed a caustic shrike
 32506 | Depths:2 | Killed a lich
 32647 | Depths:2 | Noticed a tentacled monstrosity
 32649 | Depths:2 | Killed a tentacled monstrosity
 32753 | Depths:2 | Noticed a tentacled monstrosity
 32756 | Depths:2 | Killed a tentacled monstrosity
 33257 | Depths:2 | Got the Compendium of Allies and Infection
 33630 | Depths:3 | Found Gamilaeg's Antique Weapon Shoppe.
 33669 | Depths:3 | Noticed a sphinx
 33673 | Depths:3 | Reached skill level 10 in Spellcasting
 33673 | Depths:3 | Killed a sphinx
 33674 | Depths:3 | Reached XP level 18. HP: 87/120 MP: 32/32
 33858 | Depths:3 | Offered knowledge of Fireball by Vehumet.
 34705 | Depths:3 | Found a one-way gateway to a ziggurat.
 34872 | Depths:3 | Found a one-way gate to the infinite horrors of the Abyss.
 35118 | Depths:3 | Found a shimmering altar of Xom.
 35125 | Depths:3 | Found Wanot's Demolitions Depot.
 35193 | Depths:3 | Got the Precepts of Contaminated Curses
 35388 | Depths:4 | Entered Level 4 of the Depths
 35398 | Depths:4 | Noticed a tentacled monstrosity
 36155 | Depths:4 | Noticed a golden dragon
 36156 | Depths:4 | Killed a tentacled monstrosity
 36372 | Depths:3 | Killed a golden dragon
 37150 | Depths:4 | Found a gate to the Realm of Zot.
 37342 | Depths:4 | Reached XP level 19. HP: 127/127 MP: 17/35
 37574 | Hell     | Entered the Vestibule of Hell
 37581 | Hell     | Noticed Geryon
 37591 | Hell     | Noticed a doom hound
 37592 | Hell     | Noticed a doom hound
 37594 | Hell     | Noticed a doom hound
 37806 | Hell     | Killed a doom hound
 37806 | Hell     | Killed a doom hound
 37806 | Hell     | Noticed a doom hound
 37807 | Hell     | Killed a doom hound
 37808 | Hell     | Noticed a doom hound
 37852 | Hell     | Killed a doom hound
 37852 | Hell     | Killed a doom hound
 37852 | Hell     | Reached ****** piety under Vehumet
 38300 | Hell     | Killed Geryon
 38481 | Hell     | Found a gateway to the freezing wastes of Cocytus.
 38555 | Hell     | Found a gateway to the Iron City of Dis.
 38660 | Hell     | Found a gateway to the ashen valley of Gehenna.
 38781 | Hell     | Found a gateway to the decaying netherworld of Tartarus.
 38804 | Hell     | Learned a level 1 spell: Apportation
 38841 | Dis:1    | Entered Level 1 of the Iron City of Dis
 39091 | Dis:3    | Noticed a Hell Sentinel
 39094 | Dis:3    | Noticed a caustic shrike
 39094 | Dis:3    | Noticed a caustic shrike
 39095 | Dis:3    | Noticed a caustic shrike
 39096 | Dis:3    | Killed a Hell Sentinel
 39097 | Dis:3    | Noticed a caustic shrike
 39100 | Dis:3    | Killed a caustic shrike
 39102 | Dis:3    | Noticed a caustic shrike
 39103 | Dis:3    | Killed a caustic shrike
 39104 | Dis:3    | Killed a caustic shrike
 39105 | Dis:3    | Killed a caustic shrike
 39109 | Dis:3    | Killed a caustic shrike
 39109 | Dis:3    | Offered knowledge of Eringya's Noxious Bog by Vehumet.
 39110 | Dis:3    | Noticed a Hell Sentinel
 39112 | Dis:3    | Killed a Hell Sentinel
 39398 | Dis:4    | Noticed a Hell Sentinel
 39399 | Dis:4    | Noticed a Hell Sentinel
 39563 | Dis:2    | Noticed a caustic shrike
 39564 | Dis:2    | Noticed a caustic shrike
 39637 | Dis:2    | Noticed a caustic shrike
 39637 | Dis:2    | Noticed a caustic shrike
 39642 | Hell     | HP: 5/102 [acid (10)]
 39643 | Hell     | HP: 2/102 [caustic shrike (5)]
 39643 | Hell     | Splashed by a caustic shrike's acid

Illustrated notes

Levels and vault maps discovered:
D:1:      roderic_dead_forest, layout_loops_ring
D:2:      layout_basic, hellmonk_ecumenical_altar_arch_garden,
          minmay_misc_feat_doors, uniq_crazy_yiuf_cottage
D:3:      layout_rooms
D:4:      layout_rooms
D:5:      layout_rooms, lemuel_crystal_altar,
          lemuel_mausoleum_altar_kikubaaqudgha
D:6:      layout_rooms, nicolae_qazlal_style_of_elements,
          minmay_temple_entry_butterflies
D:7:      layout_loops_ring, kennysheep_mini, patterned_corridor, uniq_menkaure
D:8:      layout_gridville, bloody_makhleb, gammafunk_ghost_ooze, enter_bailey_7
D:9:      layout_cave_pods, lair_entry_dummy, erik_orc_2,
          minmay_statue_crystal_thing, uniq_maggie, uniq_psyche
D:10:     layout_roguey, old_standard_altar, nicolae_take_the_stairs
D:11:     layout_long_grid, kennysheep_small_circle
D:12:     layout_loops_corners
D:13:     minmay_angry_zag, layout_small_grid, grunt_vaults_entry_fortified,
          enter_trove_6, gammafunk_ghost_smash, serial_shops,
          nicolae_inconvenience_store, shop, nicolae_shop_stone
D:14:     layout_rooms, serial_curves, eino_curves_03, eino_curves_04,
          hangedman_decor_diamond_cutter
D:15:     hangedman_depths_entry_civil_slaughter, layout_layer_cave,
          nrook_pool_corridor, tso_oasis_becter
Temple:   minmay_temple_bridge_d
Lair:1:   layout_cellular_growth, chequers_serial_rivers_micro_a,
          kennysheep_rathole, grunt_megastairs_3, uniq_sonja, uniq_joseph,
          uniq_amaemon
Lair:2:   layout_loops_ring, grunt_megastairs_1
Lair:3:   layout_loops_ring, elwin_shoals_entry_stream,
          guppyfry_snake_entry_garden, beast_lair_carwin_10, grunt_megastairs_4
Lair:4:   nzn_winding_woodlands_small [nzn_winding_woodlands_5x15_pool,
          nzn_winding_woodlands_center_pierced_h,
          nzn_winding_woodlands_5x15_pathside_ponds], layout_regular_city,
          nicolae_slime_entry_slimehenge, uniq_nessos
Lair:5:   grunt_lair_end_beastmaster, layout_cave_pods
Orc:1:    layout_caves, mines2_david
Orc:2:    kennysheep_orc_mage_school, layout_caves, uniq_jorgrun, uniq_donald
Depths:1: layout_long_grid, serial_bayou_pond_d, rand_demon_pan_entry_3,
          pf_vacation_house_of_asmodeus, minmay_misc_feat_room,
          statue_in_the_mist_lemuel, ashenzari_conservatory_becter,
          minmay_shoptagon, firewood_loft
Depths:2: grunt_crosshair, layout_cave_pools, nicolae_figureground_sparkle,
          serial_shops, shop, hell_entry, grunt_pan_entry_sceptre
Depths:3: kennysheep_windowed_halls, layout_gridlike, ziggurat_fallback,
          serial_shops, nicolae_square_shop, serial_glass, glass_columns_c,
          glass_columns_a, abyss_entry, xom_teletrap_fun, hell_entry,
          nicolae_blasting_shop, infiniplex_staircase_pool_2
Depths:4: evilmike_zot_entry_diamond, layout_cave_pools, pf_coc_iceberg,
          drop_trap
Hell
Dis:1:    layout_jigsaw
Dis:2:    layout_subdivisions, hangedman_dis_chains
Dis:3:    layout_jigsaw, nicolae_hells_hurtin_island
Dis:4:    layout_subdivisions

Skill      XL: |  1  2  3  4  5  6  7  8  9 10 11 12 13 14 15 16 17 18 19 |
---------------+----------------------------------------------------------+-----
Conjurations   | 1 2 3 4 5 |  5.6
Fighting       | 1 2 3 4 6 10 11 13 14 15 16 17 | 17.6
Earth Magic    | 4 5 6 7 11 13 15 18 22 25 26 27 | 27.0
Stealth        | 3 4 6 |  6.0
Spellcasting   | 7 8 10 12 14 | 14.4
Dodging        | 3 5 6 8 9 |  9.7
Poison Magic   | 4 |  4.0
Shields        | 3 7 |  7.0
Transmutations | |  0.7

Action                     |  1- 3 |  4- 6 |  7- 9 | 10-12 | 13-15 | 16-18 | 19-21 || total
---------------------------+-------+-------+-------+-------+-------+-------+-------++-------
  Melee: Unarmed           |     4 |       |       |       |       |       |       ||     4
         Spear             |       |    76 |   199 |   159 |   264 |       |       ||   698
         Punch             |       |     1 |     3 |       |     8 |       |       ||    12
         Staff             |       |       |       |       |   212 |    84 |     7 ||   303
   Cast: Sandblast         |    63 |    41 |    16 |    13 |       |       |       ||   133
         Stone Arrow       |       |       |    90 |   216 |   205 |       |       ||   511
         Olgreb's Toxic Ra |       |       |       |    29 |    70 |       |       ||    99
         Iron Shot         |       |       |       |       |    89 |   159 |    46 ||   294
         Shatter           |       |       |       |       |    21 |   132 |    45 ||   198
         Lee's Rapid Decon |       |       |       |       |     3 |     6 |       ||     9
  Evoke: Wand              |       |       |       |       |     2 |     1 |       ||     3
    Use: Scroll            |       |     5 |     6 |     3 |    14 |    14 |     5 ||    47
         Potion            |       |     1 |     2 |       |     5 |       |     3 ||    11
   Stab: Sleeping          |       |     3 |     8 |     1 |       |       |       ||    12
 Armour: Leather armour    |     8 |    22 |   125 |    60 |       |       |       ||   215
         Robe              |     1 |       |       |       |       |       |       ||     1
         Troll leather arm |       |       |       |   105 |   464 |   206 |    22 ||   797
  Dodge: Dodged            |     8 |    49 |   208 |   196 |   531 |   160 |    35 ||  1187
  Block: Buckler           |       |       |       |       |       |    57 |    21 ||    78
